 Dungeon Crawl Stone Soup version 0.14-a0-2061-g6c6fb9c (webtiles) character file.

3806 M4edhros the Slinger (level 10, -3/58 HPs)
             Began as an Octopode Hunter on Jan 22, 2014.
             Was a Follower of Fedhas.
             Killed from afar by an electric eel (13 damage)
             ... with a bolt of electricity
             ... on Level 8 of the Dungeon.
             The game lasted 00:16:53 (8655 turns).

M4edhros the Slinger (Octopode Hunter)              Turns: 8655, Time: 00:16:54

HP  -3/58        AC  1     Str 11      XL: 10   Next:  1%
MP  31/31        EV 10     Int 15      God: Fedhas [*.....]
Gold 503         SH 14     Dex 17      Spells:  0 memorised,  9 levels left

rFire  . . .     SeeInvis .     a - +0 short sword
rCold  . . .     Clarity  .     z - +0 shield
rNeg   . . .     Conserve .     (helmet restricted)
rPois  .         rCorr    .     k - amulet of the gourmand
rElec  .         rRot     .     i - ring of magical power
SustAb . .       Spirit   .     m - +2 ring of dexterity
rMut   .         Warding  .     v - ring of protection from magic
Gourm  +         Stasis   .     (no ring)
MR     +....                    (no ring)
                                (no ring)
                                (no ring)
                                (no ring)

@: somewhat resistant to hostile enchantments, stealthy
A: almost no armour, amphibious, 8 rings, constrict 8, camouflage 1, gelatinous
body 1
a: Evolution, Renounce Religion


You were on level 8 of the Dungeon.
You worshipped Fedhas.
Fedhas was aware of your devotion.
You were hungry.

You visited 2 branches of the dungeon, and saw 9 of its levels.

You collected 503 gold pieces.

Inventory:

Hand weapons
 a - a +0,+0 short sword (weapon)
 b - a +2,+2 sling
Missiles
 c - 69 sling bullets
 l - 55 stones (quivered)
 w - 17 silver sling bullets
Armour
 z - a +0 shield (worn)
Comestibles
 f - 5 bread rations
 t - a pear
Scrolls
 e - a scroll of teleportation
 g - a scroll of immolation
 h - a scroll of silence {unknown}
 j - 4 scrolls of remove curse
 p - 7 scrolls of identify
 q - a scroll of blinking
 y - a scroll of noise
 C - 3 scrolls of amnesia
 D - a scroll of recharging {unknown}
 F - a scroll of fog {unknown}
Jewellery
 i - a ring of magical power (left tentacle)
 k - an amulet of the gourmand (around mantle)
 m - a +2 ring of dexterity (right tentacle)
 n - an uncursed amulet of the gourmand
 v - a ring of protection from magic (on tentacle)
 A - an uncursed amulet of warding
Potions
 d - a potion of heal wounds
 o - 5 potions of curing
 r - a potion of speed
 u - a potion of agility
 B - a potion of magic
 E - a potion of poison {unknown}
Books
 x - a book of Control

   Spells                             Type                      Level
   Control Teleport                   Charms/Translocation         4
   Control Undead                     Necromancy                   4
   Enslavement                        Hexes                        4
   Mass Confusion                     Hexes                        6
   Metabolic Englaciation             Hexes/Ice                    6
Magical staves
 s - an uncursed staff of power


   Skills:
 - Level 1.0 Fighting
 + Level 11.8 Slings
 - Level 2.0 Dodging
 - Level 1.3 Stealth
 * Level 8.5 Invocations


You had 9 spell levels left.
You didn't know any spells.

Dungeon Overview and Level Annotations

Branches:
Dungeon (8/16)             Temple (1/1) D:5            Lair (0/8) D:8

Altars:
Ashenzari
Dithmengos
Fedhas
Kikubaaqudgha
Nemelex Xobeh
Okawaru
Sif Muna
Yredelemnul
Zin


Innate Abilities, Weirdness & Mutations

You cannot wear most types of armour.
You are amphibious.
You can wear up to eight rings at the same time.
You can use your tentacles to constrict many enemies at once.
Your skin changes colour to match your surroundings (Stlth).
Your rubbery body absorbs attacks (AC +1).


Message History

The hound is moderately wounded.
You constrict the hound. The hound bites you. The hound closely misses you.
You hit the hound. You squeeze the hound!
You kill the hound!
You start resting.
An electric eel comes into view.
An electric eel is nearby!
The electric eel shoots out a bolt of electricity!
The bolt of electricity hits you!
The bolt of electricity hits your wandering mushroom.
You swap places.
The electric eel shoots out a bolt of electricity!
The bolt of electricity hits your wandering mushroom.
The bolt of electricity hits you!
* * * LOW HITPOINT WARNING * * *
The electric eel shoots out a bolt of electricity!
The bolt of electricity hits your wandering mushroom.
The bolt of electricity hits you!
You die...
Fedhas appreciates your contribution to the ecosystem.

≈..# #........# ≈≈≈..#
#........# ≈≈≈...# #........#
.(≈≈...# #.$......# ...≈(≈..#
#........########
.≈.(≈(((#####................
...≈(≈(.(.%.)...[............
.>.≈.≈({%.f....######.........
....≈;≈.(f...@.# #....#####
≈.;.≈≈≈(.#f###.# #....#
≈≈≈≈%.....# #.# #....#
≈≈≈≈(...### #.# #....#
≈?≈.≈≈{.# #.# +....# ≈......#
#.# #....#
......#####.######..###
............%ff....#
.........ff.%....#


You could see an electric eel and 3 friendly wandering mushrooms.

Vanquished Creatures
  A troll (D:8)
  A wolf (D:8)
  Edmund (D:5)
  An ice beast (D:5)
  A sky beast (D:5)
  5 ogres
  2 phantoms (D:8)
  4 centaurs
  A water moccasin (D:8)
  A giant frog (D:6)
  A jellyfish (D:8)
  A hippogriff skeleton (D:5)
  3 electric eels (D:8)
  3 crimson imps
  4 jellies
  A centaur skeleton (D:5)
  4 orc priests
  2 iguanas
  3 orc wizards
  2 scorpions
  4 hounds
  An ogre skeleton (D:4)
  A hound skeleton (D:7)
  12 adders
  3 gnolls (D:5)
  A giant mite (D:6)
  2 worms (D:5)
  2 giant eyeballs (D:5)
  3 giant geckos
  2 oozes
  26 orcs
  7 bats
  12 hobgoblins
  16 jackals
  4 quokkas
  9 giant cockroaches
  2 giant newts (D:2)
  10 goblins
  A goblin skeleton (D:5)
  A goblin zombie (D:5)
  A hobgoblin skeleton (D:5)
  13 kobolds
  A kobold zombie (D:5)
  An orc skeleton (D:8)
  A quokka skeleton (D:7)
  10 rats
  A toadstool (D:1)
189 creatures vanquished.

Vanquished Creatures (collateral kills)
  A wandering mushroom (D:8)
  3 wolves (D:8)
  A komodo dragon skeleton (D:8)
  A wyvern skeleton (D:8)
  2 hounds (D:8)
  A goliath beetle (D:8)
  An orc priest (D:7)
  A mottled dragon skeleton (D:8)
  An orc (D:7)
  A jackal (D:6)
13 creatures vanquished.

Vanquished Creatures (others)
  A worm zombie (D:7)
  A giant cockroach zombie (D:5)
  3 plants (D:4)
  62 toadstools
67 creatures vanquished.

Grand Total: 269 creatures vanquished

Notes
Turn   | Place    | Note
--------------------------------------------------------------
     0 | D:1      | M4edhros, the Octopode Hunter, began the quest for the Orb.
     0 | D:1      | Reached XP level 1. HP: 13/13 MP: 1/1
   294 | D:1      | Reached XP level 2. HP: 18/18 MP: 2/2
   840 | D:1      | Reached XP level 3. HP: 16/23 MP: 3/3
  1263 | D:2      | Reached skill level 5 in Slings
  1639 | D:2      | Reached XP level 4. HP: 20/28 MP: 4/4
  2119 | D:3      | Found a glowing silver altar of Zin.
  3198 | D:4      | Reached skill level 6 in Slings
  3235 | D:4      | Reached XP level 5. HP: 5/33 MP: 5/5
  3831 | D:4      | Noticed an ogre
  3837 | D:4      | Killed an ogre
  3837 | D:4      | Reached skill level 7 in Slings
  3837 | D:4      | Reached XP level 6. HP: 33/38 MP: 6/6
  4258 | D:5      | Entered Level 5 of the Dungeon
  4307 | D:5      | Reached skill level 8 in Slings
  4368 | D:5      | Reached XP level 7. HP: 14/43 MP: 7/7
  4870 | D:5      | Paralysed by a giant eyeball for 2 turns
  4921 | D:5      | Found a staircase to the Ecumenical Temple.
  4922 | D:5      | Noticed Edmund
  4938 | D:5      | Killed Edmund
  4938 | D:5      | Reached skill level 9 in Slings
  4976 | Temple   | Entered the Ecumenical Temple
  4987 | Temple   | Became a worshipper of Fedhas Madash
  5058 | D:5      | Found a sparkling altar of Nemelex Xobeh.
  5239 | D:5      | Reached XP level 8. HP: 22/48 MP: 8/8
  5422 | D:5      | Reached skill level 10 in Slings
  5803 | D:5      | Acquired Fedhas' first power
  5989 | D:3      | Found a deep blue altar of Sif Muna.
  5989 | D:3      | Found a shattered altar of Ashenzari.
  6381 | D:6      | Reached skill level 1 in Invocations
  6673 | D:6      | Reached skill level 11 in Slings
  6755 | D:6      | Reached XP level 9. HP: 36/53 MP: 15/15
  7106 | D:7      | Reached skill level 5 in Invocations
  7986 | D:8      | Acquired Fedhas' second power
  8516 | D:8      | Found a staircase to the Lair.
  8522 | D:8      | Reached XP level 10. HP: 55/58 MP: 22/22
  8655 | D:8      | Killed from afar by an electric eel

Action                   |  1- 3 |  4- 6 |  7- 9 | 10-12 || total
-------------------------+-------+-------+-------+-------++-------
Melee: Short sword       |    80 |    71 |    35 |     9 ||   195
 Fire: Sling             |       |    84 |   366 |     4 ||   454
Invok: Evolution         |       |       |     4 |       ||     4
  Use: Potion            |       |     5 |     6 |       ||    11
       Scroll            |       |       |    10 |       ||    10
 Stab: Sleeping          |     7 |     4 |       |       ||    11
